 Dungeon Crawl Stone Soup version 0.21-a0-125-gb006224 (webtiles) character file.

194 tilp the Unweaver (level 5, 0/43 HPs)
             Began as a Demonspawn Abyssal Knight on July 14, 2017.
             Was a Follower of Lugonu.
             Slain by a gnoll
             ... wielding a +1 spear of chaos
              (5 damage)
             ... on level 3 of the Dungeon.
             The game lasted 00:11:48 (2644 turns).

tilp the Unweaver (Demonspawn Abyssal Knight)       Turns: 2644, Time: 00:11:49

Health: 0/43       AC:  5    Str: 14    XL:     5   Next: 44%
Magic:  9/9        EV: 10    Int: 13    God:    Lugonu [*.....]
Gold:   79         SH:  3    Dex: 12    Spells: 4/4 levels left

rFire    . . .     SeeInvis .   x - +0 spear (venom)
rCold    . . .     Gourm    .   p - +0 buckler
rNeg     . . .     Faith    .   b - +0 leather armour
rPois    .         Spirit   .   (helmet restricted)
rElec    .         Reflect  .   (no cloak)
rCorr    .         Harm     .   (no gloves)
MR       .....                  (no boots)
Stlth    +.........             (no amulet)
HPRegen  0.14/turn              d - +2 ring of protection
MPRegen  0.11/turn              (no ring)

@: no status effects
A: claws 1, hooves 1, horns 1, powered by pain 1
a: Depart the Abyss, Renounce Religion


You were on level 3 of the Dungeon.
You worshipped Lugonu.
Lugonu was aware of your devotion.
You were hungry.

You visited 1 branch of the dungeon, and saw 3 of its levels.
You visited the Abyss 1 time.

You collected 79 gold pieces.

Inventory:

Hand Weapons
 a - a +1 hand axe
 r - a +1 dagger of pain
 x - a +0 spear of venom (weapon)
 C - a +2 quarterstaff of crushing
Missiles
 u - 72 stones (quivered)
 y - a throwing net
Armour
 b - a +0 leather armour (worn)
 j - a +0 pair of gloves
 p - a +0 buckler (worn)
Jewellery
 d - a +2 ring of protection (left claw)
 w - a +2 ring of intelligence {unknown}
Wands
 o - a wand of clouds (3/9)
Scrolls
 e - 4 scrolls of fear {unknown}
 f - 2 scrolls of teleportation {unknown}
 g - 2 scrolls of fog {unknown}
 h - 2 scrolls of recharging {unknown}
 i - a scroll of amnesia {unknown}
 l - a scroll of enchant weapon {unknown}
 q - 2 scrolls of identify {unknown}
Potions
 m - a potion of degeneration {unknown}
 n - 4 potions of lignification {unknown}
 s - 2 potions of flight {unknown}
 t - 2 potions of ambrosia {unknown}
 z - a potion of agility {unknown}
Comestibles
 c - a bread ration
 k - a meat ration
 v - a fruit
 A - 5 chunks of flesh
 B - 2 royal jellies


   Skills:
 + Level 4.8 Fighting
 - Level 2.1 Axes
 - Level 1.7 Armour
 - Level 0.8 Dodging
 + Level 5.4 Invocations


You had 4 spell levels left.
You didn't know any spells.

Dungeon Overview and Level Annotations

Branches:
Dungeon (3/15)

Altars:

Annotations:
D:2 Sigmund


Innate Abilities, Weirdness & Mutations

You have sharp fingernails.
You have large cloven feet.
You have a pair of small horns on your head.
You sometimes gain a little power by taking damage.


Message History

Some of the chunks of flesh in your inventory have rotted away.
The gnoll barely misses you.
You hit the gnoll.
The gnoll is heavily wounded.
The gnoll hits you with a spear of chaos!
The gnoll burns you.
You barely miss the gnoll.
The gnoll is heavily wounded.
The gnoll hits you with a spear of chaos.
You are electrocuted!
* * * LOW HITPOINT WARNING * * *
You hit the gnoll but do no damage.
The gnoll is poisoned.
Your kick misses the gnoll.
The gnoll is heavily wounded.
The gnoll closely misses you.
You barely miss the gnoll.
You headbutt the gnoll, but do no damage.
The gnoll is heavily wounded.
The gnoll hits you with a spear of chaos.
You die...

.#...<....##.........# ..# #.#
.........###.).......# .##.# #.#
.........###.........#..##.###.#
.........#...........#.# #.##..#
#..#.....#.............# #....##
##..##................## ##..##
##. #..........<..#..#####..###
. ...........................# #
#.......##.@.#............##
.>..... #.g##............# #.#..
#..##.......)<..##
###....###...#.........#.#
.........#............##..#
...................#### #.#
###..........### .# ##........##
#..............#


You could see a gnoll.

Vanquished Creatures
  Natasha (thrice) (D:2)
  Robin (D:2)
  4 gnolls
  2 adders (D:2)
  A dart slug (D:2)
  A leopard gecko (D:1)
  4 bats
  6 giant cockroaches
  10 goblins (D:2)
  4 hobgoblins
  A quokka (D:2)
  5 frilled lizards
  8 kobolds
  7 rats
57 creatures vanquished.

Vanquished Creatures (others)
  5 toadstools (D:1)
5 creatures vanquished.

Grand Total: 62 creatures vanquished

Notes
Turn   | Place    | Note
-------+----------+-------------------------------------------
     0 | Abyss:1  | tilp the Demonspawn Abyssal Knight began the quest for the Orb.
     0 | Abyss:1  | Reached XP level 1. HP: 18/18 MP: 2/2
   200 | Abyss:1  | Noticed a small abomination
   210 | D:1      | Escaped the Abyss
   493 | D:1      | Gained mutation: You have a pair of small horns on your head. [demonic ancestry]
   493 | D:1      | Reached XP level 2. HP: 5/24 MP: 3/3
  1121 | D:2      | Reached skill level 3 in Invocations
  1123 | D:2      | Gained mutation: You sometimes gain a little power by taking damage. [demonic ancestry]
  1123 | D:2      | Reached XP level 3. HP: 25/29 MP: 5/5
  1197 | D:2      | Reached * piety under Lugonu
  1491 | D:2      | Noticed Natasha
  1507 | D:2      | Killed Natasha
  1507 | D:2      | Reached skill level 4 in Invocations
  1507 | D:2      | Gained mutation: You have large cloven feet. [demonic ancestry]
  1507 | D:2      | Reached XP level 4. HP: 22/37 MP: 5/7
  1585 | D:2      | Noticed Natasha
  1587 | D:2      | Killed Natasha
  1799 | D:2      | Noticed Robin
  1810 | D:2      | Killed Robin
  2025 | D:2      | Noticed Natasha
  2028 | D:2      | Killed Natasha
  2028 | D:2      | Gained mutation: You have sharp fingernails. [demonic ancestry]
  2028 | D:2      | Reached XP level 5. HP: 37/43 MP: 8/8
  2103 | D:2      | Noticed Sigmund
  2173 | D:2      | Reached skill level 5 in Invocations
  2644 | D:3      | Slain by a gnoll

Vault maps used:
D:1:      ldierk_walled_garden
D:2:      minmay_quantized, uniq_natasha, uniq_sigmund, uniq_robin
D:3:      tgw_xom

Skill      XL: |  1  2  3  4  5 |
---------------+----------------+-----
Axes           | 2 |  2.1
Invocations    | 3 4 5 |  5.4
Fighting       | 4 |  4.8
Armour         | |  1.7
Dodging        | |  0.8

Action                   |  1- 3 |  4- 6 || total
-------------------------+-------+-------++-------
Melee: Hand axe          |    98 |    17 ||   115
       Headbutt          |    12 |    10 ||    22
       Kick              |       |    15 ||    15
       Spear             |       |    46 ||    46
Throw: Stone             |     2 |       ||     2
Invok: Depart the Abyss  |     1 |       ||     1
  Eat: Chunk             |     2 |     3 ||     5
Armor: Leather armour    |    34 |    10 ||    44
Dodge: Dodged            |    47 |    37 ||    84
Block: Buckler           |     4 |    11 ||    15
